 Dungeon Crawl Stone Soup version 0.30-a0-782-ge64f9170bb (webtiles) character file.

Game seed: 10513557729879039755

19 KIGON the Slasher (level 2, 0/24 HPs)
             Began as a Human Berserker on Feb 24, 2023.
             Was a Follower of Okawaru.
             Slain by a goblin
             ... wielding a +0 dagger
              (1 damage)
             ... on level 2 of the Dungeon.
             The game lasted 00:11:07 (549 turns).

KIGON the Slasher (Human Berserker)                  Turns: 549, Time: 00:11:08

Health: 0/24       AC:  2    Str: 17    XL:     2   Next: 95%
Magic:  2/2        EV: 12    Int:  7    God:    Okawaru [*.....]
Gold:   100        SH:  0    Dex: 12    Spells: 1/1 levels left

rFire   . . .      SeeInvis .    a - +0 falchion
rCold   . . .      Faith    .    (no shield)
rNeg    . . .      Spirit   .    b - +0 animal skin
rPois   .          Reflect  .    (no helmet)
rElec   .          Harm     .    (no cloak)
rCorr   .          Rampage  .    (no gloves)
Will    .....                    (no boots)
Stlth   +                        (no amulet)
HPRegen 0.24/turn                (no ring)
MPRegen 0.08/turn                (no ring)

@: no status effects
A: no striking features
a: Renounce Religion, Heroism


You were on level 2 of the Dungeon.
You worshipped Okawaru.
Okawaru was aware of your devotion.
You visited 1 branch of the dungeon, and saw 2 of its levels.

You collected 100 gold pieces.

Inventory:

Hand Weapons
 a - a +0 falchion (weapon)
 d - a +0 short sword
 f - a +0 whip
 g - a +0 short sword
 j - a +0 whip
 k - a +0 whip
 l - a +0 dagger
 o - a +0 club
 p - a +0 spear
 q - a +0 club
 r - a +0 club
Missiles
 c - 6 poisoned darts (quivered)
 e - 13 stones
Armour
 b - a +0 animal skin (worn)
 m - a +0 leather armour
Jewellery
 n - a ring of flight
Scrolls
 i - a scroll of fog {unknown}
 s - a scroll of identify {unknown}
 t - 3 scrolls of amnesia {unknown}
Potions
 h - 2 potions of curing {unknown}


   Skills:
 + Level 3.3 Fighting
 + Level 3.4 Long Blades
 + Level 2.1 Armour
 + Level 2.0 Dodging
 + Level 0.5 Stealth


You had one spell level left.
You didn't know any spells.
Your spell library contained the following spells:

 Spells                   Type           Power      Damage    Failure   Level
 Freeze                   Ice            0%         1d3       43%         1
 Frozen Ramparts          Ice            0%         1d1       80%         3
 Hailstorm                Conj/Ice       0%         3d3       80%         3


Dungeon Overview and Level Annotations

Branches:
Dungeon (2/15)

Altars:
Okawaru

Annotations:
D:2 Natasha


Message History

Okawaru accepts your kill.
A goblin comes into view. It is wielding a +0 dagger.
You see here a quokka corpse.
Natasha, Servant of Life and Death comes into view.
The kobold throws a stone.
The stone closely misses you.
You see here a quokka corpse.
The kobold closely misses you.
You closely miss the goblin.
The kobold hits you with a +0 short sword.
The goblin hits you with a +0 dagger.
You closely miss the goblin.
Natasha hisses angrily.
The kobold hits you with a +0 short sword.
Natasha drinks a potion.
Natasha flickers and vanishes!
Deactivating autopickup; reactivate with Ctrl-A.
The goblin hits you but does no damage.
You hit the goblin. Your punch misses the goblin.
The goblin is moderately wounded.
The kobold hits you with a +0 short sword.
The goblin hits you but does no damage. The goblin hits you with a +0 dagger.
The kobold hits you but does no damage.
You closely miss the goblin.
The goblin is moderately wounded.
The goblin hits you with a +0 dagger.
* * * LOW HITPOINT WARNING * * *
The kobold closely misses you.
You hit the goblin.
The goblin is heavily wounded.
The kobold hits you with a +0 short sword.
* * * LOW HITPOINT WARNING * * *
The goblin closely misses you.
You closely miss the goblin.
The goblin is heavily wounded.
The kobold hits you with a +0 short sword.
* * * LOW HITPOINT WARNING * * *
The goblin barely misses you.
You barely miss the goblin.
The goblin is heavily wounded.
The kobold misses you. The goblin hits you with a +0 dagger.
You die...

........#.# <.#
#.#.#.#.#.# ..# . #
#.#.#.#.#.# #..# ..
#.#.#.#.#.#.# ...# ...
#.#.#.#.#...####....
....#.#.#.#.#..........#
..................#....#
........†.!............#
......K@..........#..#.#
.#...5g...........#.## #
.....{.(............# .#
.#................#.##.#
......#...........#....#
..........<............#
###....................#
#...##...............#
#######.........#


You could see an iron imp (summoned), a goblin and a kobold.

Vanquished Creatures
  5 ball pythons (D:1)
  3 bats (D:1)
  6 endoplasms
  A giant cockroach (D:1)
  3 goblins (D:1)
  3 kobolds (D:1)
  4 quokkas
  3 frilled lizards
  7 rats
35 creatures vanquished.

Vanquished Creatures (others)
  A fungus (D:1)
  5 plants (D:1)
6 creatures vanquished.

Grand Total: 41 creatures vanquished

Notes
Turn   | Place    | Note
-------+----------+-------------------------------------------
     0 | D:1      | KIGON the Human Berserker began the quest for the Orb.
     0 | D:1      | Reached XP level 1. HP: 18/18 MP: 1/1
   152 | D:1      | Reached XP level 2. HP: 3/24 MP: 2/2
   425 | D:1      | Found a faded altar of an unknown god.
   442 | D:1      | Reached ** piety under Trog
   442 | D:1      | Prayed at the altar of an unknown god.
   442 | D:1      | Fell from the grace of Trog
   442 | D:1      | Became a worshipper of Warmaster Okawaru
   442 | D:1      | Reached * piety under Okawaru
   540 | D:2      | Noticed Natasha
   548 | D:2      | HP: 1/24 [kobold/+0 short sword (3)]
   549 | D:2      | Slain by a goblin

Illustrated notes

Levels and vault maps discovered:
D:1:      giann_bridges, layout_rooms, dreamdust_ecumenical_altar_grove,
          serial_bayou_pond_b, minmay_misc_feat_more_columns,
          minmay_crystal_room, minmay_misc_feat_square, serial_bayou_ford_a
D:2:      layout_rooms, kennysheep_small_spiral, serial_bayou_pond_c,
          minmay_misc_feat_rows, roderic_lattice_a, uniq_natasha

Action                     || total
---------------------------++-------
  Melee: Falchion          ||   120
         Punch             ||     3
   Stab: Sleeping          ||    15
 Armour: Animal skin       ||     8
  Dodge: Dodged            ||    46

Table legend: (Time is in decaauts)
 A = Elapsed time spent in this place.
 B = Non-inter-level travel time spent in this place.
 C = Inter-level travel time spent in this place.
 D = Time resting spent in this place.
 E = Time spent auto-exploring this place.
 F = Levels seen in this place.
 G = Mean time per level.
                   A        B        C        D        E       F      G
               +--------+--------+--------+--------+--------+-----+--------+
         Total |    571 |    254 |    317 |      0 |      0 |   2 |  285.5 |
       Dungeon |    571 |    254 |    317 |      0 |      0 |   2 |  285.5 |
               +--------+--------+--------+--------+--------+-----+--------+

Top non-repeatable levels by time:
     D:1: 484 daAuts
     D:2: 87 daAuts
